 Dungeon Crawl Stone Soup version 0.24.0-123-gd5b16e6ec5 (webtiles) character file.

Game seed: 13925252899782345425, levelgen mode: deterministic

1594 Peloso the Slasher (level 8, -12/71 HPs)
             Began as a Minotaur Fighter on Jan 5, 2020.
             Was a Follower of Okawaru.
             Mangled by a two-headed ogre
             ... wielding a +0 giant club
              (17 damage)
             ... on level 6 of the Dungeon on Jan 7, 2020.
             The game lasted 00:15:10 (4781 turns).

Peloso the Slasher (Minotaur Fighter)               Turns: 4781, Time: 00:15:10

Health: -12/71     AC: 12    Str: 22    XL:     8   Next: 62%
Magic:  5/7        EV: 11    Int:  5    God:    Okawaru [*.....]
Gold:   274        SH: 12    Dex: 11    Spells: 7/7 levels left

rFire    x . .     SeeInvis .   a - +0 long sword
rCold    + . .     Gourm    .   c - +0 shield
rNeg     . . .     Faith    .   p - +0 chain mail
rPois    .         Spirit   .   (helmet restricted)
rElec    .         Reflect  .   (no cloak)
rCorr    .         Harm     .   (no gloves)
MR       +....                  (no boots)
Stlth    ..........             (no amulet)
HPRegen  0.21/turn              h - ring of ice
MPRegen  0.10/turn              i - ring of protection from magic

@: heroism
A: retaliatory headbutt, horns 2
a: Heroism, Renounce Religion


You were on level 6 of the Dungeon.
You worshipped Okawaru.
Okawaru was aware of your devotion.
You were hungry.

You visited 2 branches of the dungeon, and saw 7 of its levels.

You collected 274 gold pieces.

Inventory:

Hand Weapons
 a - a +0 long sword (weapon)
 b - a +1 dagger of flaming
Armour
 c - a +0 shield (worn)
 n - a +0 scale mail
 p - a +0 chain mail (worn)
Jewellery
 h - a ring of ice (left hand)
 i - a ring of protection from magic (right hand)
Scrolls
 d - a scroll of amnesia
 e - 6 scrolls of identify
 g - 5 scrolls of remove curse
 l - 4 scrolls of enchant armour
 m - a scroll of fog
 o - a scroll of enchant weapon
Comestibles
 f - 8 rations


   Skills:
 + Level 6.5(11.5) Fighting
 + Level 7.8(12.8) Long Blades
 + Level 7.5(12.5) Armour
 + Level 2.2(7.2) Dodging
 + Level 1.0(6.0) Stealth
 + Level 6.5(11.5) Shields


You had 7 spell levels left.
You didn't know any spells.
Your spell library was empty.

Dungeon Overview and Level Annotations

Branches:
Dungeon (6/15)             Temple (1/1) D:5

Altars:
Ashenzari
Dithmenos
Elyvilon
Fedhas
Gozag
Kikubaaqudgha
Makhleb
Nemelex Xobeh
Okawaru
Qazlal
Sif Muna
Trog
Uskayaw
Vehumet
Yredelemnul
Zin
The Shining One


Innate Abilities, Weirdness & Mutations

You reflexively headbutt those who attack you in melee.
You have a pair of horns on your head.


Message History

You gain the combat prowess of a mighty hero.
The two-headed ogre hits you with a +0 giant club!
* * * LOW HITPOINT WARNING * * *
You block the two-headed ogre's attack.
You hit the two-headed ogre. You headbutt the two-headed ogre.
The two-headed ogre is heavily wounded.
You hit the two-headed ogre.
The two-headed ogre is heavily wounded.
The two-headed ogre hits you with a +0 giant club!
* * * LOW HITPOINT WARNING * * *
The two-headed ogre completely misses you.
You hit the two-headed ogre but do no damage.
The two-headed ogre is heavily wounded.
You aren't carrying any potions.
Okay, then.
You hit the two-headed ogre but do no damage.
The two-headed ogre is heavily wounded.
The two-headed ogre hits you but does no damage.
The two-headed ogre hits you with a +0 giant club!
You die...

#....# #.##.....# ########.#
#.##.##..#
.#......#.###########.##†##..####
.................................
#.#..#.#.###########.....#..#...
#..#.#.# #######..#.## #....#.#
#..#.#. ##.#.#.######### #..#.#.
#..<.#.......@.#########..#.#.
................O............#.##
##+##.#.#########'########...#...
..#+# ... #...#### ... #....
#....... .... #..... ##..####
..... #...... #..# # ......
#....... #..# # #........ #..# #


You could see a two-headed ogre.

Vanquished Creatures
  A troll (D:6)
  Grinder (D:3)
  2 phantoms (D:4)
  A centaur (D:6)
  Blork the orc (D:4)
  2 bullfrogs
  2 scorpions (D:6)
  A water moccasin skeleton (D:5)
  A crimson imp (D:5)
  A howler monkey (D:4)
  A jelly (D:6)
  5 hounds
  An orc wizard (D:5)
  3 worker ants
  A hound skeleton (D:4)
  Robin (D:4)
  4 gnolls (D:4)
  A howler monkey skeleton (D:4)
  10 adders
  A shadow imp (D:5)
  3 adder skeletons
  5 worms
  7 leopard geckos
  9 orcs
  2 ball pythons (D:2)
  8 bats
  2 giant cockroaches (D:2)
  13 goblins
  8 hobgoblins
  4 jackals (D:4)
  10 kobolds
  2 quokkas
  4 frilled lizards
  7 rats
125 creatures vanquished.

Notes
Turn   | Place    | Note
-------+----------+-------------------------------------------
     0 | D:1      | Peloso the Minotaur Fighter began the quest for the Orb.
     0 | D:1      | Reached XP level 1. HP: 19/19 MP: 0/0
   223 | D:1      | Reached XP level 2. HP: 27/27 MP: 1/1
   614 | D:2      | Reached XP level 3. HP: 26/33 MP: 2/2
  1172 | D:2      | Reached XP level 4. HP: 36/41 MP: 3/3
  1439 | D:3      | Noticed Grinder
  1442 | D:3      | Paralysed by Grinder for 7 turns
  1459 | D:3      | Killed Grinder
  1459 | D:3      | Reached skill level 1 in Dodging
  1459 | D:3      | Reached XP level 5. HP: 22/47 MP: 4/4
  1484 | D:3      | Found a burning altar of Makhleb.
  1514 | D:3      | Found a bloodstained altar of Trog.
  1518 | D:3      | Reached XP level 6. HP: 37/55 MP: 5/5
  1544 | D:3      | Reached skill level 5 in Armour
  1709 | D:3      | Found a hide-covered altar of Uskayaw.
  1984 | D:4      | Reached skill level 5 in Shields
  2002 | D:4      | Reached skill level 5 in Long Blades
  2006 | D:4      | Reached skill level 5 in Fighting
  2333 | D:4      | Noticed Robin
  2354 | D:4      | Killed Robin
  2354 | D:4      | Reached XP level 7. HP: 32/61 MP: 6/6
  2965 | D:4      | Noticed Blork the orc
  2974 | D:4      | Killed Blork the orc
  2981 | D:4      | Found a shadowy altar of Dithmenos.
  3277 | D:5      | Entered Level 5 of the Dungeon
  3296 | D:5      | Found a staircase to the Ecumenical Temple.
  3313 | Temple   | Entered the Ecumenical Temple
  3361 | Temple   | Became a worshipper of Warmaster Okawaru
  3402 | D:5      | Found a sparkling altar of Nemelex Xobeh.
  3706 | D:5      | Reached XP level 8. HP: 70/70 MP: 7/7
  4157 | D:6      | Reached skill level 1 in Stealth
  4207 | D:6      | Noticed a troll
  4237 | D:6      | Killed a troll
  4237 | D:6      | Reached * piety under Okawaru
  4549 | D:6      | Found an opulent altar of Gozag.
  4650 | D:6      | Found a blossoming altar of Fedhas.
  4772 | D:6      | Noticed a two-headed ogre
  4781 | D:6      | Mangled by a two-headed ogre

Levels and vault maps discovered:
D:1:      dpeg_arrival_arbitrary_c, layout_loops_ring, st_stairs_9,
          chequers_serial_rivers_room_b
D:2:      layout_loops_corners
D:3:      layout_basic, nicolae_overflow_hidden_temple, lemuel_round_altar,
          uniq_grinder
D:4:      cheibrodos_quashed, layout_rooms, first_ration,
          nicolae_dithmenos_the_darkroom, uniq_blork_the_orc, uniq_robin
D:5:      layout_basic, lemuel_round_altar, minmay_temple_entry_trees,
          minmay_fractal_squares_gapless_5
D:6:      layout_basic, nicolae_overflow_crystal_walls,
          fedhas_bush_and_centaur_altar, hangedman_abyss_or_decor_stagger,
          uniq_edmund
Temple:   nicolae_temple_god_jail

Skill      XL: |  1  2  3  4  5  6  7  8 |
---------------+-------------------------+-----
Fighting       | 4 5 6 |  6.5
Armour         | 4 5 6 7 |  7.5
Shields        | 4 5 6 |  6.5
Long Blades    | 3 4 5 7 |  7.8
Dodging        | 1 2 |  2.2
Stealth        | 1 |  1.0

Action                   |  1- 3 |  4- 6 |  7- 9 || total
-------------------------+-------+-------+-------++-------
Melee: Long sword        |    89 |   120 |   167 ||   376
       Headbutt          |     5 |    16 |    28 ||    49
Invok: Heroism           |       |       |     1 ||     1
  Use: Potion            |     2 |     1 |     5 ||     8
       Scroll            |       |       |     7 ||     7
  Eat: Chunk             |       |     4 |     8 ||    12
Armor: Scale mail        |    52 |    46 |     5 ||   103
       Chain mail        |       |       |    53 ||    53
Dodge: Dodged            |    39 |    28 |    51 ||   118
Block: Shield            |    48 |    61 |    74 ||   183
       Rpst.: Long sword |    13 |    13 |    14 ||    40
